 Dungeon Crawl Stone Soup version 0.17.3-4-g93a25c67f4 (webtiles) character file.

3432 Crauler the Cleaver (level 9, -3/82 HPs)
             Began as a Deep Dwarf Fighter on July 9, 2023.
             Was a High Priest of Makhleb.
             Slain by Gastronok (10 damage)
             ... on level 8 of the Dungeon.
             The game lasted 00:33:22 (6337 turns).

Crauler the Cleaver (Deep Dwarf Fighter)            Turns: 6337, Time: 00:33:22

Health: -3/82      AC: 18    Str: 20    XL:     9   Next: 77%
Magic:  9/9        EV:  6    Int: 10    God:    Makhleb [*****.]
Gold:   247        SH:  0    Dex: 14    Spells: 0 memorised, 8 levels left

rFire  . . .     SeeInvis .     E - +2 battleaxe (freeze)
rCold  . . .     Clarity  .     o - +1 plate armour
rNeg   + . .     SustAt   .     (shield currently unavailable)
rPois  .         Gourm    .     i - +1 hat
rElec  .         Spirit   .     (no cloak)
rCorr  .         Warding  +     (no gloves)
rMut   .         Stasis   .     y - +0 pair of boots
MR     +....                    P - amulet of warding
Stlth  ..........               (no ring)
                                S - +2 ring of protection

@: non-regenerating, somewhat resistant to hostile enchantments, extremely
unstealthy
A: damage resistance, recharge devices, sense surroundings 2, slow regeneration
3
a: Device Recharging, Minor Destruction, Lesser Servant of Makhleb, Major
Destruction, Greater Servant of Makhleb, Renounce Religion


You were on level 8 of the Dungeon.
You worshipped Makhleb.
Makhleb was extremely pleased with you.
You were not hungry.

You visited 1 branch of the dungeon, and saw 8 of its levels.
You also visited: Sewer.

You collected 247 gold pieces.

Inventory:

Hand Weapons
 a - a +0 war axe
 E - a +2 battleaxe of freezing (weapon)
 X - a +0 blowgun
Missiles
 v - 9 tomahawks (quivered)
 Y - 22 poisoned needles
Armour
 c - a +0 shield
 i - a +1 hat (worn)
 o - a +1 plate armour (worn)
 y - a +0 pair of boots (worn)
 O - a +3 scale mail
Jewellery
 P - an amulet of warding (around neck)
 S - a +2 ring of protection (left hand)
Wands
 e - a wand of heal wounds (5)
 K - a wand of frost (32)
 T - a wand of enslavement (20)
Scrolls
 g - 2 scrolls of noise
 h - a scroll of fear
 j - a scroll of fog
 k - 2 scrolls of immolation
 l - 9 scrolls of remove curse
 r - a scroll of recharging
 w - 3 scrolls of magic mapping
 x - a scroll of enchant armour
 A - 2 scrolls of teleportation
 D - 3 scrolls of amnesia
 I - 3 scrolls of blinking
 V - a scroll of identify
Potions
 d - 3 potions of might
 m - 3 potions of haste
 p - 3 potions of mutation
 q - 5 potions of curing
 t - a potion of degeneration {unknown}
 u - a potion of agility {unknown}
 z - a potion of cancellation {unknown}
 B - 3 potions of brilliance
 C - a potion of cure mutation {unknown}
 J - 3 potions of flight {unknown}
 L - a potion of invisibility {unknown}
 M - 5 potions of heal wounds {unknown}
 N - 2 potions of magic {unknown}
Books
 H - a book of Callings

   Spells                             Type                      Level
   a - Summon Small Mammal            Summoning                    1
   b - Call Imp                       Summoning                    2
   c - Call Canine Familiar           Summoning                    3
   d - Summon Guardian Golem          Hexes/Summoning              3
   e - Summon Lightning Spire         Summoning/Air                4
   f - Summon Ice Beast               Ice/Summoning                4
 R - a Necronomicon

   Spells                             Type                      Level
   a - Haunt                          Necromancy/Summoning         7
   b - Borgnjor's Revivification      Necromancy                   8
   c - Death's Door                   Charms/Necromancy            8
   d - Necromutation                  Transmutation/Necromancy     8
Comestibles
 f - 8 bread rations
 n - a meat ration
 s - 5 fruits
 G - 8 slices of pizza
 Q - 3 beef jerkies
 Z - a royal jelly


   Skills:
 + Level 6.3 Fighting
 * Level 10.1 Axes
 + Level 7.3 Armour
 + Level 7.6 Shields


You had 8 spell levels left.
You didn't know any spells.

Dungeon Overview and Level Annotations

Branches:
Dungeon (8/15)             Temple (0/1) D:4
   Lair: D:8-11

Altars:
Makhleb
Nemelex Xobeh
Sif Muna
Vehumet
Xom
Yredelemnul

Annotations:
D:8 Gastronok


Innate Abilities, Weirdness & Mutations

You are resistant to damage.
You can recharge devices by infusing magical energy.
You passively map the area around you.
You do not regenerate naturally.


Message History

Gastronok bites you!
You slash Gastronok! You freeze Gastronok.
Gastronok is severely wounded.
You hit the quokka. You freeze the quokka.
You kill the quokka!
The quokka's corpse disappears in a puff of smoke!
You slash Gastronok! You freeze Gastronok.
Gastronok is almost dead.
Gastronok waves his eye-stalks in wide circles.
The air twists around and strikes you!
* * * LOW HITPOINT WARNING * * *
You hit Gastronok but do no damage.
Gastronok is almost dead.
You slash Gastronok! You freeze Gastronok.
Gastronok is almost dead.
Gastronok bites you but does no damage.
You hit Gastronok. You freeze Gastronok.
Gastronok is almost dead.
Gastronok bites you!
You die...

#.# , ,,, ,, ,, #.# **
* * , #.# , , , * #.# ,
, #.############# ≈ ,
#r#...........# ≈ ,
#r#.#########.# ≈≈ ≈≈ ,
#w#.# #.# , ,,, #@#.#
#.# ,,≈≈ ,,, #.#.# #.#
,, #.#.# #.# , ,, *
#.#.# #.# + #.#.# #.#
#.#.# #.# *
#########.#.# #.#
#<..........# #.#
#########.###########.#


You could see Gastronok, a river rat and a rat.

Vanquished Creatures
  Pikel (D:7)
  Grinder (D:6)
  Sigmund (D:4)
  A yak (D:7)
  A human (D:7)
  Menkaure (D:6)
  A slave (D:7)
  2 ogres
  A phantom (D:4)
  4 giant frogs
  2 big kobolds (D:7)
  A scorpion (D:5)
  5 wights (D:5)
  2 crimson imps (D:6)
  A giant frog zombie (D:6)
  An orc priest (D:6)
  A hound (D:4)
  A jelly (D:6)
  4 orc wizards
  A giant frog skeleton (D:7)
  2 gnoll shamans (D:6)
  7 worker ants
  8 iguanas
  3 sheep (D:7)
  A hound zombie (D:6)
  A worker ant zombie (D:5)
  9 gnolls (D:6)
  5 river rats (Sewer)
  12 adders
  2 shadow imps
  2 oozes
  An adder zombie (D:3)
  9 worms
  2 giant geckos
  21 orcs
  17 ball pythons
  8 goblins
  5 hobgoblins
  8 jackals
  16 kobolds
  3 quokkas
  4 bats
  9 giant cockroaches
  6 giant newts
  2 gnoll zombies (D:5)
  2 quokka skeletons
  28 rats
226 creatures vanquished.

Notes
Turn   | Place    | Note
--------------------------------------------------------------
     0 | D:1      | Crauler the Deep Dwarf Fighter began the quest for the Orb.
     0 | D:1      | Reached XP level 1. HP: 20/20 MP: 1/1
   106 | D:1      | Reached XP level 2. HP: 20/27 MP: 2/2
   691 | D:1      | Reached XP level 3. HP: 19/33 MP: 3/3
  1071 | D:2      | Reached XP level 4. HP: 14/42 MP: 4/4
  1206 | D:2      | Reached skill level 4 in Axes
  1923 | D:4      | Noticed Sigmund
  1945 | D:4      | Killed Sigmund
  1945 | D:4      | Reached skill level 5 in Axes
  1945 | D:4      | Reached XP level 5. HP: 41/49 MP: 5/5
  1945 | D:4      | Reached XP level 6. HP: 46/56 MP: 6/6
  2091 | D:4      | Found a burning altar of Makhleb.
  2100 | D:4      | Became a worshipper of Makhleb the Destroyer
  2127 | D:4      | Found a deep blue altar of Sif Muna.
  2186 | D:4      | Noticed an ogre
  2203 | D:4      | Found a staircase to the Ecumenical Temple.
  2220 | D:5      | Entered Level 5 of the Dungeon
  2417 | D:5      | Reached XP level 7. HP: 29/64 MP: 7/7
  2421 | D:5      | Reached skill level 6 in Axes
  2927 | D:5      | Found a basalt altar of Yredelemnul.
  3044 | D:6      | Reached * piety under Makhleb
  3044 | D:6      | Reached skill level 5 in Shields
  3067 | D:6      | Noticed Menkaure
  3076 | D:6      | Found a radiant altar of Vehumet.
  3076 | D:6      | Found a sparkling altar of Nemelex Xobeh.
  3084 | D:6      | Found a shimmering altar of Xom.
  3086 | D:6      | Found a shimmering altar of Xom.
  3105 | D:6      | Reached skill level 5 in Armour
  3108 | D:6      | Found a shimmering altar of Xom.
  3108 | D:6      | Found a shimmering altar of Xom.
  3138 | D:6      | Found a glowing drain.
  3159 | Sewer    | Entered a sewer
  3265 | Sewer    | Reached skill level 7 in Axes
  3284 | Sewer    | Reached ** piety under Makhleb
  3434 | Sewer    | Reached XP level 8. HP: 56/73 MP: 8/8
  3469 | Sewer    | Reached *** piety under Makhleb
  3781 | D:6      | Reached skill level 5 in Fighting
  4167 | D:6      | Noticed Grinder
  4167 | D:6      | Paralysed by Grinder for 7 turns
  4201 | D:6      | Killed Grinder
  4201 | D:6      | Reached skill level 8 in Axes
  4211 | D:6      | Killed Menkaure
  4480 | D:6      | Reached **** piety under Makhleb
  4539 | D:7      | Gained mutation: You passively map the area around you. [Deep Dwarf growth]
  4539 | D:7      | Reached XP level 9. HP: 46/81 MP: 9/9
  4653 | D:4      | Killed an ogre
  4763 | D:4      | Noticed a phantom
  4794 | D:4      | Killed a phantom
  4794 | D:4      | Reached skill level 9 in Axes
  5569 | D:7      | Reached ***** piety under Makhleb
  5745 | D:7      | Noticed Pikel
  5764 | D:7      | Killed Pikel
  5764 | D:7      | Reached skill level 10 in Axes
  6290 | D:8      | Noticed Gastronok
  6337 | D:8      | Slain by Gastronok

Action                   |  1- 3 |  4- 6 |  7- 9 || total
-------------------------+-------+-------+-------++-------
Melee: War axe           |   156 |   184 |   553 ||   893
       Battleaxe         |       |       |    11 ||    11
Throw: Tomahawk          |       |       |     1 ||     1
Evoke: Wand              |       |     2 |     3 ||     5
  Use: Scroll            |       |     8 |    10 ||    18
       Potion            |       |     1 |       ||     1
  Eat: Chunk             |     1 |     5 |    12 ||    18
       Beef jerky        |       |       |     1 ||     1
